 Dungeon Crawl Stone Soup version 0.32-a0-35-gd9ff480968 (webtiles) character file.

Game seed: 11361702900486416814

49 PriceMaster the Firebug (level 3, -2/21 HPs)
             Began as an Octopode Fire Elementalist on Jan 23, 2024.
             Was a Follower of Trog (penitent).
             Killed by an exploding frilled lizard (23 damage)
             ... ignited by their inner flame
             ... on level 2 of the Dungeon.
             The game lasted 00:03:56 (1786 turns).

PriceMaster the Firebug (OpFE)                      Turns: 1786, Time: 00:03:57

Health: -2/21      AC:  1    Str:  7    XL:     3   Next: 77%
Magic:  3/6        EV: 13    Int: 19    God:    Trog [*.....]
Gold:   89         SH:  0    Dex: 12    Spells: 1/7 levels left

rFire   . . .        e - +0 dagger
rCold   . . .        (no shield)
rNeg    . . .        (helmet restricted)
rPois   .            (no amulet)
rElec   .            f - ring of wizardry
rCorr   .            (no ring)
SInv    .            (no ring)
Will    .....        (no ring)
Stlth   +++          (no ring)
HPRegen 0.23/turn    (no ring)
MPRegen 0.10/turn    (no ring)
                     (no ring)

%: wizardry (x1)
@: no status effects
A: almost no armour, amphibious, 8 rings, camouflage 1, gelatinous body 1,
(nimble swimmer 1), tentacles
a: Renounce Religion


You were on level 2 of the Dungeon.
You worshipped Trog.
Trog was demanding penance.
You visited 1 branch of the dungeon, and saw 2 of its levels.

You collected 89 gold pieces.

Inventory:

Hand Weapons
 e - a +0 dagger (weapon)
Jewellery
 f - a ring of wizardry (left tentacle)
 g - a ring of positive energy
 i - a ring of wizardry
Scrolls
 b - a scroll of identify {unknown}
 h - a scroll of revelation {unknown}
Potions
 a - a potion of magic
 c - a potion of curing {unknown}
 d - a potion of cancellation {unknown}
 j - a potion of degeneration {unknown}


   Skills:
 + Level 0.1 Short Blades
 + Level 2.1 Dodging
 + Level 3.2 Stealth
 - Level 2.5 Spellcasting
 - Level 1.1 Conjurations
 - Level 3.8 Fire Magic


You had one spell level left.
You knew the following spells:

 Your Spells              Type           Power      Damage    Failure   Level
a - Foxfire               Conj/Fire      44%        2x1d6     2%          1
b - Scorch                Fire           34%        2d6       1%          2
c - Inner Flame           Hex/Fire       9%         N/A       9%          3

Your spell library contained the following spells:

 Spells                   Type           Power      Damage    Failure   Level
 Freeze                   Ice            8%         1d3       6%          1
 Volatile Blastmotes      Fire/Tloc      18%        2d11      9%          3
 Hailstorm                Conj/Ice       4%         3d5       16%         3
 Frozen Ramparts          Ice            4%         1d1       19%         3
 Gell's Gravitas          Tloc           2%         N/A       19%         3
 Teleport Other           Tloc           2%         N/A       19%         3
 Flame Wave               Conj/Fire      11%        2d6       22%         4
 Dispersal                Tloc           1%         N/A       100%        6


Dungeon Overview and Level Annotations

Branches:
Dungeon (2/15)

Altars:
Trog


Innate Abilities, Weirdness & Mutations

You cannot wear most types of armour.
You are amphibious.
You can wear up to eight rings at the same time.
Your skin changes colour to match your surroundings (Stealth+).
Your rubbery body absorbs attacks. (AC +1, EV +1)
((You are camouflaged when in or above water. (Stealth+)))
You have tentacles for arms and can constrict up to eight enemies at once.


Message History

You see here 2 atropa-tipped darts.
Found 4 poisoned darts and a serpent talisman.
A ball python comes into view.
The ball python hisses angrily.
A ball python is nearby!
A ball python is nearby!
A ball python is nearby!
The ball python completely misses you. The ball python barely misses you.
You hit the ball python. You grab the ball python.
The ball python is moderately wounded.
You constrict the ball python, but do no damage.
The ball python closely misses you. The ball python barely misses you.
You hit the ball python.
You kill the ball python!
Trog accepts your kill.
No target in view!
No target in view!
No target in view!
No target in view!
No target in view!
No target in view!
A frilled lizard comes into view.
A frilled lizard is nearby!
A frilled lizard is nearby!
The frilled lizard hisses angrily.
Okay, then.
Casting: Inner Flame (quite dangerous; 9% risk of failure)
Confirm with . or Enter, or press ? or * to list all spells.
Aiming: Inner Flame (quite dangerous; 9% risk of failure)
Press: ? - help, Dir - move target, f - frilled lizard
Aim: a frilled lizard (chance to affect: 74%)
The frilled lizard is filled with an inner flame.
You feel guilty. "You will pay for your transgression, mortal!"
You hit the frilled lizard. Trog accepts your kill.
The frilled lizard explodes!
The fiery explosion engulfs you!!
Ouch! That really hurt!
You die...

#.# #.# #..# #.#
..# #.# ..# #%#
#.##### ###.# #
#.#§.. ...#
####.##.#§#
##.#####
........@§#
#.......
##..##.###
#..##### #. #.#
#..# #.##
#.##########.(#
...
#.............#
..###
####.###.###..#
### ....
#.#........# #..
..##
.######.#.#.###.##
#.# ...###
............###.#
#.#


There were no monsters in sight!

Vanquished Creatures
  2 adders (D:2)
  2 dart slugs
  A ribbon worm (D:2)
  2 ball pythons
  3 bats
  2 endoplasms
  2 giant cockroaches
  2 goblins (D:1)
  2 hobgoblins (D:1)
  3 frilled lizards
  2 kobolds (D:2)
  3 rats (D:1)
26 creatures vanquished.

Vanquished Creatures (others)
  46 foxfires
46 creatures vanquished.

Grand Total: 72 creatures vanquished

Notes
Turn   | Place    | Note
-------+----------+-------------------------------------------
     0 | D:1      | PriceMaster the Octopode Fire Elementalist began the quest
                  | for the Orb.
     0 | D:1      | Reached XP level 1. HP: 11/11 MP: 3/3
   285 | D:1      | Reached XP level 2. HP: 13/17 MP: 1/5
   289 | D:1      | Learned a level 2 spell: Scorch
   974 | D:2      | Reached XP level 3. HP: 20/21 MP: 3/6
   978 | D:2      | Learned a level 3 spell: Inner Flame
  1616 | D:2      | Found a faded altar of an unknown god.
  1626 | D:2      | Prayed at the altar of an unknown god.
  1626 | D:2      | Became a worshipper of Trog the Wrathful
  1626 | D:2      | Reached * piety under Trog
  1785 | D:2      | Was placed under penance by Trog
  1786 | D:2      | Killed by an exploding frilled lizard... ignited by their
                  | inner flame

Illustrated notes

Levels and vault maps discovered:
D:1:      dpeg_arrival_shelter, layout_basic
D:2:      layout_loops_ring, chequers_ecumenical_altar_simple_redux,
          uniq_crazy_yiuf_cottage

Skill      XL: |  1  2 |
---------------+-------+-----
Stealth        | 3 |  3.2
Short Blades   | |  0.1
Dodging        | |  2.1
Spellcasting   | |  2.5
Conjurations   | |  1.1
Fire Magic     | |  3.8

Action                     || total
---------------------------++-------
  Melee: Unarmed           ||     6
         Tentacles         ||     8
         Constrict         ||     7
         Dagger            ||    23
   Cast: Foxfire           ||    33
         Scorch            ||     1
         Inner Flame       ||     4
   Stab: Sleeping          ||     3
 Armour: Skin              ||    17
  Dodge: Dodged            ||    24

Table legend: (Time is in decaauts)
 A = Elapsed time spent in this place.
 B = Non-inter-level travel time spent in this place.
 C = Inter-level travel time spent in this place.
 D = Time resting spent in this place.
 E = Time spent auto-exploring this place.
 F = Levels seen in this place.
 G = Mean time per level.
                   A        B        C        D        E       F      G
               +--------+--------+--------+--------+--------+-----+--------+
         Total |   1784 |   1768 |     16 |    507 |   1044 |   2 |  892.0 |
       Dungeon |   1784 |   1768 |     16 |    507 |   1044 |   2 |  892.0 |
               +--------+--------+--------+--------+--------+-----+--------+

Top non-repeatable levels by time:
     D:1: 951 daAuts
     D:2: 833 daAuts
